 Dungeon Crawl Stone Soup version 0.14.1-26-g5a19342 (webtiles) character file.

655 Kae the Insei (level 6, -1/47 HPs)
             Began as a Draconian Transmuter on July 24, 2014.
             Slain by kober's ghost (18 damage)
             ... on Level 4 of the Dungeon.
             The game lasted 00:04:10 (4564 turns).

Kae the Insei (Draconian Transmuter)                Turns: 4564, Time: 00:04:10

HP  -1/47        AC  6     Str 12      XL: 6   Next: 71%
MP  10/10        EV 12     Int 15      God:
Gold 213         SH  0     Dex 12      Spells:  3 memorised,  3 levels left

rFire  . . .     SeeInvis .       - Unarmed
rCold  + . .     Clarity  .     (armour unavailable)
rNeg   . . .     Conserve .     (no shield)
rPois  .         rCorr    .     (helmet restricted)
rElec  .         rRot     .     (no cloak)
SustAb . .       Spirit   .     (no gloves)
rMut   .         Warding  .     (no boots)
Saprov . . .     Stasis   .     (no amulet)
MR     .....                    (no ring)
                                k - ring of protection from cold

@: appendage, not resistant to hostile enchantments, unstealthy
A: unfitting armour, horns 2, AC +6
a: End Transformation


You were on level 4 of the Dungeon.
You were hungry.
You had grown temporary horns.
You visited 1 branch of the dungeon, and saw 4 of its levels.

You collected 213 gold pieces.

Inventory:

Missiles
 b - 12 arrows
 z - 8 tomahawks (quivered)
Magical devices
 w - a wand of lightning (7)
Comestibles
 a - 2 bread rations
 m - a pear
 p - 2 chokos
 x - a meat ration
 B - 5 sultanas
Scrolls
 e - a scroll of enchant armour
 f - a scroll of fear
 g - 2 scrolls of identify
 l - a scroll of teleportation
 n - 2 scrolls of remove curse
 s - a scroll of enchant weapon I
 t - a scroll of fog
Jewellery
 k - a ring of protection from cold (left hand)
Potions
 h - a potion of brilliance {unknown}
 i - a potion of haste {unknown}
 j - a potion of invisibility {unknown}
 o - a potion of magic {unknown}
 q - a potion of confusion {unknown}
 r - a potion of mutation {unknown}
 u - 2 potions of heal wounds {unknown}
 v - 3 potions of flight {unknown}
Books
 d - a book of Changes

   Spells                             Type                      Level
   *Beastly Appendage                 Transmutation                1
   *Sticks to Snakes                  Transmutation                2
   *Spider Form                       Transmutation/Poison         3
   Ice Form                           Ice/Transmutation            4
   Blade Hands                        Transmutation                5


   Skills:
 - Level 1.1 Fighting
 - Level 1.7 Dodging
 * Level 6.4 Unarmed Combat
 - Level 2.0 Spellcasting
 + Level 4.4 Transmutations


You had 3 spell levels left.
You knew the following spells:

 Your Spells              Type           Power        Failure   Level  Hunger
a - Beastly Appendage     Trmt           ##....       4%          1    #......
b - Sticks to Snakes      Trmt           ##........   8%          2    ###....
c - Spider Form           Trmt/Pois      #.........   30%         3    ####...


Dungeon Overview and Level Annotations

Branches:
Dungeon (4/15)
 Temple: D:4-7

Altars:
Ashenzari
Dithmenos
Trog
The Shining One

Annotations:
D:4 kober's ghost, experienced TrMo


Innate Abilities, Weirdness & Mutations

Your plain brown scales are hard (AC +6).*
Your body does not fit into most forms of armour.
Your cold-blooded metabolism reacts poorly to cold.
You have a pair of horns on your head.*


Message History

Kober's ghost is severely damaged.
Kober's ghost hits you but does no damage.
You barely miss kober's ghost.
Kober's ghost is severely damaged.
Kober's ghost hits you!
You are too injured to fight recklessly!
You are too injured to fight recklessly!
You are too injured to fight recklessly!
You are too injured to fight recklessly!
You are too injured to fight recklessly!
Evoke which item? (* to show all) (? for menu, Esc to quit)
Okay, then.
Evoke which item? (* to show all) (? for menu, Esc to quit)
Zapping:
w - a wand of lightning {zapped: 4}
Press: ? - help, Shift-Dir - straight line, f/p - kober's ghost
Aim: kober's ghost (severely damaged)
You hear a mighty clap of thunder!
The bolt of lightning misses kober's ghost.
Kober's ghost hits you!
You die...

#### ...# #########
...####.......#
...'..#.......#
...##.........###########
...####.........@p.......
...# #.......##########?
## ...# #.......# ...
...# #.......# ## ####
##.###### #.### #.).#
###'#### #############
#.....# #..<........# ##


You could see kober's ghost.

Vanquished Creatures
  4 hounds
  A giant frog skeleton (D:4)
  An orc priest (D:4)
  An orc wizard (D:4)
  A worker ant (D:4)
  9 adders
  A gnoll (D:1)
  4 worms
  An adder skeleton (D:4)
  7 orcs
  3 giant cockroaches
  6 goblins
  3 hobgoblins
  A jackal (D:1)
  3 quokkas
  A ball python (D:4)
  11 bats
  3 giant geckos
  2 giant newts (D:1)
  9 kobolds
  9 rats
81 creatures vanquished.

Notes
Turn   | Place    | Note
--------------------------------------------------------------
     0 | D:1      | Kae, the Draconian Transmuter, began the quest for the Orb.
     0 | D:1      | Reached XP level 1. HP: 16/16 MP: 3/3
    14 | D:1      | Reached XP level 2. HP: 18/23 MP: 2/4
  1022 | D:2      | Reached XP level 3. HP: 21/28 MP: 4/6
  1034 | D:2      | Reached skill level 4 in Unarmed Combat
  1520 | D:2      | Found a glowing golden altar of the Shining One.
  1526 | D:2      | Found a bloodstained altar of Trog.
  1533 | D:2      | Found a shattered altar of Ashenzari.
  1534 | D:2      | Found a shadowy altar of Dithmenos.
  1729 | D:3      | Reached XP level 4. HP: 13/35 MP: 5/7
  3006 | D:4      | Reached skill level 5 in Unarmed Combat
  3006 | D:4      | Reached XP level 5. HP: 40/40 MP: 7/9
  3770 | D:3      | Reached XP level 6. HP: 42/47 MP: 8/10
  3826 | D:3      | Learned a level 2 spell: Sticks to Snakes
  3830 | D:3      | Learned a level 3 spell: Spider Form
  3842 | D:4      | Reached skill level 6 in Unarmed Combat
  4419 | D:4      | Noticed kober's ghost (experienced TrMo)
  4564 | D:4      | Slain by kober's ghost

Action                   |  1- 3 |  4- 6 || total
-------------------------+-------+-------++-------
Melee: Unarmed           |   139 |   217 ||   356
 Cast: Beastly Appendage |     4 |    23 ||    27
       Spider Form       |       |     1 ||     1
Evoke: Wand              |       |     5 ||     5
  Use: Scroll            |       |    10 ||    10
       Potion            |       |     2 ||     2
 Stab: Sleeping          |     1 |     1 ||     2
